 Dungeon Crawl Stone Soup version 0.18.1-5-g4a78601 (webtiles) character file.

6604 vatarom the Destroyer (level 10, -1/78 HPs)
             Began as a Red Draconian Conjurer on May 9, 2016.
             Was an Initiate of Ashenzari.
             Slain by a giant frog (5 damage)
             ... on level 10 of the Dungeon.
             The game lasted 00:26:38 (11608 turns).

vatarom the Destroyer (Red Draconian Conjurer)     Turns: 11608, Time: 00:26:39

Health: -1/78      AC: 10    Str: 10    XL:     10   Next: 71%
Magic:  18/21      EV: 15    Int: 23    God:    Ashenzari [......]
Gold:   539        SH:  0    Dex: 12    Spells: 7 memorised, 2 levels left

rFire  + . .     SeeInvis .     c - +4 quarterstaff (chaos)
rCold  . . .     Gourm    +     (armour unavailable)
rNeg   . . .     Faith    .     (shield currently unavailable)
rPois  .         Spirit   .     (helmet restricted)
rElec  .         Dismiss  .     p - +2 cloak
rCorr  .         Reflect  .     (no gloves)
SustAt .         Harm     .     (no boots)
MR     .....                    h - amulet of the gourmand
Stlth  ++........               y - +3 ring of intelligence
                                l - +3 ring of dexterity

@: not resistant to hostile enchantments, unstealthy
A: breathe fire, unfitting armour, clumsy 1, fire resistance 1, cold-blooded, AC
+7
a: Breathe Fire, Curse Item, Renounce Religion


You were on level 10 of the Dungeon.
You worshipped Ashenzari.
Ashenzari was noncommittal.
You were completely stuffed.

You visited 2 branches of the dungeon, and saw 11 of its levels.

You collected 539 gold pieces.

Inventory:

Hand Weapons
 c - a +4 quarterstaff of chaos (weapon)
 f - a +0 whip of draining
Armour
 p - a +2 cloak (worn)
Jewellery
 g - an uncursed amulet of faith
 h - an amulet of the gourmand (around neck)
 i - an uncursed ring of fire
 l - a +3 ring of dexterity (left hand)
 q - an uncursed ring of protection from cold
 y - a +3 ring of intelligence (right hand)
Wands
 d - a wand of paralysis (18/24)
 n - a wand of flame (14/48)
 t - a wand of lightning (11/15)
 v - a wand of random effects (33/48)
Scrolls
 e - 10 scrolls of remove curse
 j - a scroll of fear
 k - a scroll of teleportation
 o - 4 scrolls of identify
 u - a scroll of recharging
 w - a scroll of fog
 x - a scroll of enchant weapon
Potions
 s - a potion of mutation
Books
 a - a book of Conjurations

   Spells                             Type                      Level
   a - Magic Dart                     Conjuration                  1
   b - Searing Ray                    Conjuration                  2
   c - Dazzling Spray                 Conjuration/Hexes            3
   d - Fulminant Prism                Conjuration/Hexes            4
   e - Iskenderun's Mystic Blast      Conjuration                  4
   f - Iskenderun's Battlesphere      Conjuration/Charms           5
 r - a Fen Folio

   Spells                             Type                      Level
   a - Corpse Rot                     Necromancy                   2
   b - Stone Arrow                    Conjuration/Earth            3
   c - Leda's Liquefaction            Hexes/Earth                  4
   d - Summon Forest                  Summoning/Translocation      5
   e - Hydra Form                     Transmutation                6
   f - Summon Hydra                   Summoning                    7
Comestibles
 b - a bread ration
 m - 5 meat rations
 z - 7 chunks of flesh
 A - a beef jerky


   Skills:
 + Level 4.1 Fighting
 - Level 7.4 Dodging
 - Level 1.7 Stealth
 + Level 7.8 Spellcasting
 - Level 11.2 Conjurations
 + Level 3.2 Earth Magic


You had 2 spell levels left.
You knew the following spells:

 Your Spells              Type           Power        Failure   Level  Hunger
a - Magic Dart            Conj           ####         1%          1    None
b - Searing Ray           Conj           ######       1%          2    None
c - Dazzling Spray        Conj/Hex       ####....     1%          3    None
d - Iskenderun's Mystic   Conj           ######..     1%          4    ###....
e - Iskenderun's Battles  Conj/Chrm      ####....     21%         5    #####..
f - Fulminant Prism       Conj/Hex       ####......   10%         4    ###....
g - Stone Arrow           Conj/Erth      #####.       1%          3    None


Dungeon Overview and Level Annotations

Branches:
Dungeon (10/15)            Temple (1/1) D:7            Lair (0/8) D:8
    Orc: D:9-12

Altars:
Ashenzari
Cheibriados
Dithmenos
Elyvilon
Fedhas
Gozag
Kikubaaqudgha
Makhleb
Nemelex Xobeh
Okawaru
Pakellas
Qazlal
Ru
Sif Muna
Trog
Vehumet
Xom
Yredelemnul
Zin
The Shining One
Jiyva

Portals:
Bailey: D:10


Innate Abilities, Weirdness & Mutations

You can breathe blasts of fire.
Your fiery red scales are hard (AC +7).
Your body does not fit into most forms of armour.
Your flesh is heat resistant.
You are cold-blooded and may be slowed by cold attacks.
You are clumsy. (Dex -2)


Message History

The giant frog hits you.
* * * LOW HITPOINT WARNING * * *
The giant frog hits you.
* * * LOW HITPOINT WARNING * * *
Drink which item? (? for menu, Esc to quit)
It was a potion of mutation.
You feel extremely strange.
You feel stupid.
You feel clumsy.
You feel clever. The giant frog hits you.
* * * LOW HITPOINT WARNING * * *
Unknown command.
Casting: Magic Dart
Confirm with . or Enter, or press ? or * to list all spells.
Aiming: Dazzling Spray
Press: ? - help, Shift-Dir - straight line, f - giant frog
Aim: a giant frog The spray of energy misses the giant frog.
The giant frog barely misses you. The giant frog completely misses you.
You closely miss the giant frog.
Your tail-slap misses the giant frog.
The giant frog hits you.
You die...

.#.#..#..#.# #.#..###..
##.........##+###.........#
..........................#
.#####...##........##..##.#
.#####.......#.....##.....#
.................÷........#
#...#####......###........#
#.#.#####.#..#.+.#......#.#
...≈≈..≈≈≈.....#@#......#.#
≈≈≈≈≈≈≈≈≈≈≈≈.###F#+####...#
≈♣♣♣≈≈≈♣♣♣≈≈.##.......#...#
≈ ♣≈.≈♣ ♣≈≈.##.......#...#
♣≈.≈♣♣♣≈≈###.......#...#
≈≈≈.≈≈≈≈≈.#.).......#...#
...≈ .≈..≈≈..≈≈≈≈≈≈≈.....#
≈≈≈≈ ≈≈≈≈≈...≈#####≈...#.#
≈♣♣♣≈≈..≈#...#≈.....#


You could see a giant frog.

Vanquished Creatures
  A two-headed ogre (D:9)
  The ghost of Bubs the Shield-Bearer, an amateur FoFi (D:4)
  2 wyverns
  A human (D:8)
  10 yaks
  A hungry ghost (D:8)
  A hippogriff (D:7)
  A steam dragon (D:9)
  Edmund (D:5)
  An ice beast (D:9)
  2 sky beasts
  4 ogres
  A phantom (D:6)
  4 centaurs
  A big kobold (D:8)
  5 giant frogs
  2 scorpions
  15 killer bees
  5 howler monkeys
  An electric eel (D:10)
  3 crimson imps
  2 giant frog zombies
  6 jellies
  Crazy Yiuf (D:2)
  A gnoll shaman (D:9)
  5 orc priests
  A hound (D:6)
  2 centaur skeletons
  2 giant frog skeletons
  Jessica (D:3)
  2 iguanas
  Ijyb (D:2)
  4 orc wizards
  4 worker ants
  4 sheep (D:8)
  2 hound zombies
  A hound skeleton (D:8)
  A howler monkey zombie (D:7)
  Robin (D:3)
  A howler monkey skeleton (D:5)
  6 adders
  4 gnolls (D:9)
  A shadow imp (D:6)
  An ooze (D:5)
  3 adder skeletons
  3 worms
  2 dart slugs
  4 giant geckos
  13 orcs
  A ball python (D:1)
  6 giant cockroaches
  24 goblins
  7 hobgoblins
  6 jackals
  5 quokkas
  7 bats
  A giant gecko skeleton (D:5)
  11 giant newts
  12 kobolds
  5 rats
227 creatures vanquished.

Vanquished Creatures (others)
  A sky beast (D:6)
  A goblin (D:10)
  3 fulminant prisms
5 creatures vanquished.

Grand Total: 232 creatures vanquished

Notes
Turn   | Place    | Note
--------------------------------------------------------------
     0 | D:1      | vatarom the Draconian Conjurer began the quest for the Orb.
     0 | D:1      | Reached XP level 1. HP: 14/14 MP: 3/3
   121 | D:1      | Reached skill level 1 in Fighting
   122 | D:1      | Reached XP level 2. HP: 23/23 MP: 1/5
   314 | D:1      | Learned a level 2 spell: Searing Ray
   871 | D:2      | Found a sacrificial altar of Ru.
   899 | D:2      | Reached XP level 3. HP: 17/29 MP: 0/6
   959 | D:2      | Learned a level 3 spell: Dazzling Spray
  1073 | D:2      | Found a shimmering altar of Xom.
  1075 | D:2      | Found a glowing golden altar of the Shining One.
  1077 | D:2      | Found a sparkling altar of Nemelex Xobeh.
  1132 | D:2      | Noticed Ijyb
  1144 | D:2      | Paralysed by Ijyb for 3 turns
  1340 | D:2      | Paralysed by Ijyb for 7 turns
  1353 | D:2      | Killed Ijyb
  1353 | D:2      | Reached XP level 4. HP: 35/36 MP: 1/8
  1718 | D:2      | Reached skill level 5 in Conjurations
  1789 | D:2      | Noticed Crazy Yiuf
  1800 | D:2      | Killed Crazy Yiuf
  1800 | D:2      | Reached XP level 5. HP: 10/41 MP: 0/10
  2367 | D:2      | Learned a level 4 spell: Iskenderun's Mystic Blast
  2459 | D:3      | Noticed Robin
  2476 | D:3      | Killed Robin
  2685 | D:3      | Noticed Jessica
  2688 | D:3      | Killed Jessica
  3631 | D:4      | Noticed Bubs's ghost (amateur FoFi)
  3645 | D:4      | Killed Bubs's ghost
  3645 | D:4      | Reached skill level 5 in Spellcasting
  3645 | D:4      | Reached XP level 6. HP: 32/48 MP: 3/13
  3721 | D:4      | Learned a level 5 spell: Iskenderun's Battlesphere
  3767 | D:4      | Found a shimmering altar of Xom.
  3883 | D:5      | Entered Level 5 of the Dungeon
  3903 | D:5      | Noticed Edmund
  3926 | D:5      | Killed Edmund
  3926 | D:5      | Reached skill level 6 in Conjurations
  3926 | D:5      | Your scales start taking on a fiery red colour.
  3926 | D:5      | Reached XP level 7. HP: 35/53 MP: 2/15
  3926 | D:5      | Gained mutation: Your flesh is heat resistant. [Red Draconian growth]
  4829 | D:6      | Learned a level 4 spell: Fulminant Prism
  4860 | D:6      | Reached XP level 8. HP: 29/60 MP: 10/18
  4986 | D:6      | Reached skill level 7 in Conjurations
  5581 | D:6      | Found a glowing silver altar of Zin.
  5581 | D:6      | Found a burning altar of Makhleb.
  5582 | D:6      | Noticed a cacodemon
  5582 | D:6      | Noticed an angel
  5907 | D:7      | Reached skill level 8 in Conjurations
  6352 | D:7      | Found a staircase to the Ecumenical Temple.
  6569 | Temple   | Entered the Ecumenical Temple
  6846 | Temple   | Became a worshipper of Ashenzari the Shackled
  7092 | D:7      | Reached skill level 9 in Conjurations
  7183 | D:7      | Reached XP level 9. HP: 58/67 MP: 19/19
  7705 | D:8      | Found a staircase to the Lair.
  7844 | D:8      | Found a basalt altar of Yredelemnul.
  7950 | D:8      | HP: 3/67 [sheep (11)]
  8168 | D:8      | Reached skill level 5 in Dodging
  8560 | D:8      | Reached skill level 10 in Conjurations
  8786 | D:8      | Found a white marble altar of Elyvilon.
  9736 | D:9      | Reached XP level 10. HP: 73/73 MP: 9/20
  9824 | D:9      | Reached skill level 11 in Conjurations
  9974 | D:9      | Learned a level 3 spell: Stone Arrow
 10119 | D:9      | Found a viscous altar of Jiyva.
 10268 | D:9      | Reached skill level 1 in Earth Magic
 11230 | D:10     | Entered Level 10 of the Dungeon
 11589 | D:10     | Found a flagged portal.
 11606 | D:10     | Gained mutation: You are dopey. (Int -2) [potion of mutation]
 11606 | D:10     | Gained mutation: You are clumsy. (Dex -2) [potion of mutation]
 11606 | D:10     | Lost mutation: You are dopey. (Int -2) [potion of mutation]
 11606 | D:10     | HP: 3/78 [giant frog (2)]
 11608 | D:10     | Slain by a giant frog

Skill      XL: |  1  2  3  4  5  6  7  8  9 10 |
---------------+-------------------------------+-----
Fighting       | 1 4 |  4.1
Spellcasting   | 3 5 6 7 |  7.8
Conjurations   | 5 6 9 10 11 | 11.2
Dodging        | 3 6 7 |  7.4
Earth Magic    | 3 |  3.2
Stealth        | |  1.7

Action                   |  1- 3 |  4- 6 |  7- 9 | 10-12 || total
-------------------------+-------+-------+-------+-------++-------
Melee: Dagger            |    82 |    20 |       |       ||   102
       Tailslap          |     7 |    12 |    28 |     4 ||    51
       Unarmed           |     2 |       |       |       ||     2
       Whip              |       |     9 |       |       ||     9
       Quarterstaff      |       |    60 |   204 |    31 ||   295
 Cast: Magic Dart        |    44 |    52 |   131 |    85 ||   312
       Searing Ray       |     1 |     3 |     6 |     1 ||    11
       Dazzling Spray    |       |     5 |    13 |     2 ||    20
       Fulminant Prism   |       |       |     3 |       ||     3
       Iskenderun's Batt |       |       |     9 |    10 ||    19
       Iskenderun's Myst |       |       |     5 |     8 ||    13
       Stone Arrow       |       |       |       |    10 ||    10
 Abil: Breathe Fire      |       |       |     7 |     2 ||     9
Evoke: Wand              |       |     1 |     1 |       ||     2
  Use: Potion            |     1 |     1 |    10 |     4 ||    16
       Scroll            |     1 |     4 |    10 |       ||    15
 Stab: Sleeping          |     1 |     2 |     3 |       ||     6
       Paralysed         |     1 |     2 |       |       ||     3
       Invisible         |       |     1 |     3 |       ||     4
       Petrifying        |       |       |     1 |       ||     1
       Petrified         |       |       |     1 |       ||     1
  Eat: Meat ration       |     1 |       |     1 |       ||     2
       Bread ration      |       |     1 |     2 |       ||     3
       Chunk             |       |     1 |    14 |    16 ||    31
       Beef jerky        |       |       |     2 |       ||     2
Armor: Skin              |    26 |    33 |   143 |    22 ||   224
Dodge: Dodged            |    75 |    57 |   233 |    66 ||   431
